 Dungeon Crawl Stone Soup version 0.30.0 (webtiles) character file.

Game seed: 16618891376019127449

85636 subdon the Peltast (level 15, -11/180 HPs)
             Began as a Minotaur Chaos Knight on May 8, 2023.
             Was a Plaything of Xom.
             Mangled by a +3 bardiche of freezing (13 damage)
             ... on level 2 of the Elven Halls.
             The game lasted 01:32:22 (16708 turns).

subdon the Peltast (Minotaur Chaos Knight)         Turns: 16708, Time: 01:32:22

Health: -11/180    AC: 28    Str: 24    XL:     15   Next: 38%
Magic:  12/12      EV:  8    Int: 16    God:    Xom [....*.]
Gold:   1839       SH: 22    Dex: 12    Spells: 14/14 levels left

rFire   + . .        y - +1 demon whip (venom)
rCold   + . .        e - +2 tower shield
rNeg    . . .        s - +5 plate armour {Will+}
rPois   +            (helmet unavailable)
rElec   +            h - +1 cloak
rCorr   .            N - +1 pair of gloves {Dex+3}
SInv    +            G - +0 pair of boots of Context {Str+3 Int+3}
Will    +++++        (no amulet) Stlth
                     L - ring of willpower
HPRegen 0.50/turn    (no ring)
MPRegen 0.13/turn

%: clarity
@: studying Staves, invisible
A: horns 3, retaliatory headbutt, see invisible, clarity, clever 1, cold
resistance 1, deterioration 1, fire resistance 1, low MP 1, strong-willed 2,
passive freeze, sense surroundings 1, poison resistance, robust 3, electricity
resistance, weak 1, inability to drink after injury 1, MP-powered wands
a: Renounce Religion


You were on level 2 of the Elven Halls.
You worshipped Xom.
You were a beloved toy of Xom.
You visited 5 branches of the dungeon, and saw 20 of its levels.
You also visited: Bailey.

You collected 2930 gold pieces.
You spent 1091 gold pieces at shops.

Inventory:

Hand Weapons
 a - a +2 mace of protection
 m - a +2 flail of protection
 n - a +1 vampiric war axe
 o - the +4 spear of Ezxus {drain, rF+ Dex+4}
   (You found it on level 6 of the Dungeon)

   Dex:       It affects your dexterity (+4).
   rF:        It protects you from fire.
 y - a +1 demon whip of venom (weapon)
 M - a +4 flail of chaos
Missiles
 p - a throwing net
Armour
 b - a +3 leather armour
 e - a +2 tower shield (worn)
 f - a +0 ring mail
 h - a +1 cloak (worn)
 k - a +2 pair of gloves
 l - a +0 chain mail
 r - a +0 plate armour
 s - a +5 plate armour of willpower (worn)
 C - the +0 leather armour of Kyzoadic {rF+ rC+ Str-2 Int+4}
   (You found it on level 11 of the Dungeon)

   Str:       It affects your strength (-2).
   Int:       It affects your intelligence (+4).
   rF:        It protects you from fire.
   rC:        It protects you from cold.
 G - the +0 pair of boots of Context (worn) {Str+3 Int+3}
   (You bought it in a shop on level 2 of the Orcish Mines)

   Str:       It affects your strength (+3).
   Int:       It affects your intelligence (+3).
 N - a +1 pair of gloves of dexterity (worn)
Jewellery
 w - a ring of magical power
 L - a ring of willpower (left hand)
 Q - an amulet of magic regeneration
Wands
 j - a wand of flame (36)
 q - a wand of paralysis (11)
 v - a wand of mindburst (12)
 I - a wand of roots (6)
Scrolls
 g - 14 scrolls of identify
 x - 3 scrolls of blinking
 J - a scroll of amnesia
Potions
 d - 2 potions of haste
 i - 4 potions of degeneration
 u - 2 potions of brilliance
 z - a potion of cancellation
 A - 2 potions of flight
 B - 2 potions of mutation
 F - a potion of attraction
 K - 2 potions of resistance {unknown}
Miscellaneous
 c - a piece from Xom's chessboard (15/15) (quivered)
 D - a condenser vane (inert)


   Skills:
 + Level 14.3 Fighting
 + Level 16.4 Maces & Flails
 + Level 14.6 Armour
 + Level 5.0 Dodging
 + Level 6.3 Stealth
 + Level 18.1 Shields
 + Level 3.0 Evocations


You had 14 spell levels left.
You didn't know any spells.
Your spell library contained the following spells:

 Spells                   Type           Power      Damage    Failure   Level
 Freeze                   Ice            0%         1d3       98%         1
 Necrotise                Necr           0%         1d4       98%         1
 Sandblast                Erth           0%         2d4       98%         1
 Passwall                 Tmut/Erth      0%         N/A       99%         2
 Scorch                   Fire           0%         2d5       99%         2
 Sublimation of Blood     Necr           0%         N/A       99%         2
 Wereblood                Tmut           0%         N/A       99%         2
 Frozen Ramparts          Ice            0%         1d1       100%        3
 Hailstorm                Conj/Ice       0%         3d3       100%        3
 Inner Flame              Hex/Fire       0%         N/A       100%        3
 Stone Arrow              Conj/Erth      0%         3d7       100%        3
 Vampiric Draining        Necr           0%         2d6       100%        3
 Vhi's Electric Charge    Tloc/Air       0%         N/A       100%        3
 Animate Armour           Summ/Erth      0%         N/A       100%        4
 Flame Wave               Conj/Fire      0%         2d4       100%        4
 Ice Form                 Ice/Tmut       0%         N/A       100%        4
 Summon Ice Beast         Ice/Summ       0%         N/A       100%        4
 Agony                    Necr           0%         N/A       100%        5
 Arcjolt                  Conj/Air       0%         1d10      100%        5
 Iskenderun's Battlesphe  Conj           0%         2d6       100%        5
 Yara's Violent Unravell  Hex/Tmut       0%         3d3       100%        5
 Iron Shot                Conj/Erth      0%         9d1       100%        6
 Plasma Beam              Fire/Air       0%         2x1d11    100%        6
 Simulacrum               Ice/Necr       0%         N/A       100%        6
 Summon Cactus Giant      Summ           0%         N/A       100%        6
 Enfeeble                 Hex            0%         N/A       100%        7
 Ozocubu's Refrigeration  Ice            0%         4d7       100%        7
 Spellforged Servitor     Conj/Summ      0%         N/A       100%        7
 Summon Hydra             Summ           0%         N/A       100%        7
 Lehudib's Crystal Spear  Conj/Erth      0%         10d2      100%        8
 Polar Vortex             Ice            0%         N/A       100%        9


Dungeon Overview and Level Annotations

Branches:
Dungeon (11/15)            Temple (0/1) D:6            Lair (4/5) D:11
 Shoals (0/4) Lair:3        Slime (1/5) Lair:4          Orc (2/2) D:9
    Elf (2/3) Orc:2        Bailey (visited)
  Snake: Lair:2-3    Spider: Lair:2-3

Altars:
Elyvilon
Fedhas
Kikubaaqudgha
Sif Muna
Vehumet
Xom
Yredelemnul
Jiyva

Shops:
D:4 [   D:6 *   Orc:2 ((![


Innate Abilities, Weirdness & Mutations

You have a pair of large horns on your head.
You reflexively headbutt those who attack you in melee.
You have supernaturally acute eyesight. (SInv)
You possess an exceptional clarity of mind.
Your mind is acute. (Int +4, Str/Dex -1)
Your flesh is cold resistant. (rC+)
Your body sometimes deteriorates upon taking damage.
Your flesh is heat resistant. (rF+)
Your magical capacity is low. (-10% MP)
You are highly strong-willed. (Will++)
A frigid envelope surrounds you and freezes all who hurt you.
You passively map a small area around you.
Your system is resistant to poisons. (rPois)
You are extremely robust. (+30% HP)
You are resistant to electric shocks. (rElec)
You are weak. (Str -2)
You occasionally lose the ability to drink potions when taking damage.
You expend magic power (3 MP) to strengthen your wands.


Message History

You block the +2 glaive of protection's attack.
You hit the +2 glaive of protection.
Your headbutt misses the +2 glaive of protection.
The +2 glaive of protection is lightly damaged.
You block the +3 bardiche of freezing's attack.
The +2 glaive of protection hits you but does no damage.
The +2 glaive of protection resists.
The +2 glaive of protection is very cold.
The +2 glaive of protection is lightly damaged.
You strike the helpless +2 glaive of protection from behind!
You hit the +2 glaive of protection but do no damage.
The +2 glaive of protection is lightly damaged.
You block the +3 bardiche of freezing's attack.
You thrash the +2 glaive of protection!!
The +2 glaive of protection is almost destroyed.
You block the +2 glaive of protection's attack.
You miss the +2 glaive of protection.
You headbutt the +2 glaive of protection, but do no damage.
The +2 glaive of protection is almost destroyed.
The +2 glaive of protection hits you but does no damage.
The +2 glaive of protection completely resists.
You block the +3 bardiche of freezing's attack.
You hit the +2 glaive of protection.
Your headbutt misses the +2 glaive of protection.
The +2 glaive of protection is almost destroyed.
The +2 glaive of protection hits you!
* * * LOW HITPOINT WARNING * * *
The +2 glaive of protection resists.
The +2 glaive of protection is very cold.
The +2 glaive of protection falls from the air.
Clouds of flame condense around you!
The condenser dries out!
You block the +3 bardiche of freezing's attack.
The +3 halberd of freezing is engulfed in blazing flames.
The +2 scimitar of holy wrath hits you but does no damage.
The +2 scimitar of holy wrath completely resists.
You hit the +2 scimitar of holy wrath but do no damage.
The +3 bardiche of freezing is engulfed in blazing flames.
The +3 bardiche of freezing hits you!
You die...
Xom cackles wildly!

, , .. *, , ,
.. , . , , .#*
.. .## ... *
..## #+ ....
##...# ##.
.....##*##....#
##.. *
......§##.....#
##.).
......§((@...##
#.... ,
......§§(....#
#.... ,
,.#..##§.##.###
#.... ##
####### ##.>.
##.. ##. ##


You could see 3 dancing weapons.

Vanquished Creatures
  A rockslime (Slime:1)
  A deep elf elementalist (Elf:2)
  A quicksilver ooze (Slime:1)
  A deep elf annihilator (Elf:1)
  2 ogre magi (Orc:2)
  2 hydras
  A catoblepas (Lair:1)
  2 boulder beetles (D:7)
  9 two-headed ogres
  9 dancing weapons
  An orc high priest (Orc:1)
  9 deep elf knights
  2 skysharks
  Amaemon (D:9)
  2 deep trolls (Orc:2)
  An orb spider (Elf:1)
  5 deep elf archers
  An orc knight (Bailey)
  19 deep elf zephyrmancers
  16 deep elf pyromancers
  3 orc sorcerers
  A shining eye (Slime:1)
  2 cyclopes
  6 elephants (Lair:4)
  4 centaur zombies (D:10)
  A water nymph (Lair:3)
  An orange demon (D:9)
  9 cane toads
  A kobold demonologist (D:10)
  3 unseen horrors
  5 komodo dragons
  3 rime drakes
  An unseen horror zombie (D:10)
  14 trolls
  2 hornets
  A raiju (D:10)
  5 slime creatures
  3 air elementals (Elf:1)
  5 shadows
  41 yaks
  4 vampires (D:10)
  4 wyverns
  2 fire elementals
  A fire bat (D:4)
  Grum (Lair:1)
  A basilisk (Lair:1)
  3 nagas (Lair:2)
  2 wargs
  10 water moccasins
  2 ice beasts
  17 orc warriors
  16 ogres (Orc:2)
  14 wolves
  6 centaurs
  4 kobold brigands
  10 bullfrogs
  A scorpion (D:5)
  2 earth elementals
  3 wights (D:5)
  5 killer bees
  2 electric eels (D:11)
  3 howler monkeys (D:8)
  3 jellies
  4 hounds
  7 orc priests
  A gnoll bouda (D:7)
  6 iguanas
  A sleepcap (D:4)
  Terence (D:2)
  A scorpion zombie (D:3)
  8 orc wizards
  3 gnolls (D:7)
  6 adders
  2 white imps (D:7)
  2 worms (D:3)
  A dart slug (D:1)
  60 orcs
  5 ball pythons
  7 endoplasms
  5 giant cockroaches
  5 goblins
  4 hobgoblins
  6 jackals
  5 quokkas
  7 bats
  6 frilled lizards
  A giant cockroach zombie (D:3)
  8 kobolds
  4 rats
479 creatures vanquished.

Vanquished Creatures (collateral kills)
  A deep elf annihilator (Elf:2)
  A dancing weapon (Elf:2)
  A two-headed ogre (D:11)
  A deep elf knight (Elf:1)
  A deep elf pyromancer (Elf:2)
  A deep elf zephyrmancer (Elf:2)
  A cyclops (Orc:2)
  A kobold demonologist (D:10)
  A komodo dragon (D:11)
  A water elemental (Elf:2)
  A shadow (D:11)
  A fire elemental (Elf:2)
  3 yaks (D:8)
  A vampire mosquito (D:11)
  2 water moccasins
  An ogre (Orc:2)
  An electric eel (D:11)
  A hound (D:11)
  2 gnolls (D:7)
  An ufetubus (D:7)
  A dart slug (D:1)
  An orc (D:7)
  A quokka (D:1)
  A kobold (D:10)
28 creatures vanquished.

Vanquished Creatures (others)
  A dancing weapon (D:7)
  A deep elf knight (Elf:2)
  2 deep elf zephyrmancers
  A wyvern (Lair:2)
  A yak (Lair:2)
  A vampire mosquito (D:11)
  A wolf (D:11)
  A hound (D:11)
  16 fungi
  15 plants
  6 withered plants (D:10)
46 creatures vanquished.

Grand Total: 553 creatures vanquished

Notes
Turn   | Place    | Note
-------+----------+-------------------------------------------
     0 | D:1      | subdon the Minotaur Chaos Knight began the quest for the
                  | Orb.
     0 | D:1      | Reached XP level 1. HP: 19/19 MP: 0/0
   285 | D:1      | Reached XP level 2. HP: 24/27 MP: 1/1
   330 | D:1      | XOM: noise
   331 | D:1      | XOM: cast spell 'Summon Ice Beast'
   521 | D:1      | XOM: noise
   795 | D:2      | Reached XP level 3. HP: 29/33 MP: 2/2
  1030 | D:2      | Noticed Terence
  1046 | D:2      | Killed Terence
  1050 | D:2      | XOM: 1-stop teleportation journey
  1157 | D:2      | Reached XP level 4. HP: 41/41 MP: 3/3
  1215 | D:2      | Found a faded altar of an unknown god.
  1215 | D:2      | Noticed a chaos spawn
  1354 | D:3      | XOM: silly message
  1370 | D:3      | Found an ancient bone altar of Kikubaaqudgha.
  1451 | D:3      | XOM is BORED!
  1451 | D:3      | XOM: silly message
  1483 | D:3      | Found a radiant altar of Vehumet.
  1550 | D:3      | Reached skill level 1 in Stealth
  1600 | D:3      | Reached skill level 5 in Maces & Flails
  1600 | D:3      | Reached XP level 5. HP: 29/47 MP: 4/4
  1741 | D:3      | Gained mutation: You have supernaturally acute eyesight.
                  | (SInv) [potion of mutation]
  1741 | D:3      | Gained mutation: You have a pair of large horns on your
                  | head. [potion of mutation]
  1741 | D:3      | Gained mutation: You are robust. (+10% HP) [potion of
                  | mutation]
  1768 | D:3      | XOM: potion effect (attraction)
  1800 | D:3      | Found a blossoming altar of Fedhas.
  1836 | D:3      | XOM: 1-stop teleportation journey
  1948 | D:3      | XOM: summons 3 hostile demons
  2128 | D:3      | XOM: summons 1 hostile demon
  2165 | D:3      | Found a basalt altar of Yredelemnul.
  2170 | D:3      | XOM: smoke on damage
  2339 | D:3      | XOM: summons 2 hostile shadow creatures
  2439 | D:4      | XOM: 2-stop teleportation journey
  2466 | D:4      | Found Isecaedu's Antique Armour Shop.
  2474 | D:4      | Bought a glowing cloak for 195 gold pieces
  2571 | D:4      | Reached skill level 5 in Fighting
  2571 | D:4      | Reached XP level 6. HP: 34/61 MP: 5/5
  2635 | D:4      | XOM: summons 4 hostile demons
  2715 | D:4      | an orc wizard changed into a fire bat
  2715 | D:4      | Noticed a fire bat
  2715 | D:4      | XOM: polymorph orc wizard -> fire bat
  2717 | D:4      | XOM: confuse monster(s)
  2729 | D:4      | Killed a fire bat
  3027 | D:5      | Entered Level 5 of the Dungeon
  3047 | D:5      | Reached XP level 7. HP: 67/67 MP: 6/6
  3116 | D:5      | XOM: noise
  3296 | D:5      | Reached skill level 5 in Armour
  3299 | D:5      | XOM: 3-stop teleportation journey
  3644 | D:5      | Reached XP level 8. HP: 44/77 MP: 7/7
  4015 | D:6      | XOM is BORED!
  4015 | D:6      | XOM: stat loss: -2 Str (17/19)
  4107 | D:6      | Found Peeris's General Store.
  4308 | D:6      | XOM: noise
  4358 | D:6      | Found a staircase to the Ecumenical Temple.
  4411 | D:6      | XOM: god gift: trident {god gift}
  4426 | D:6      | Identified the +4 spear of Ezxus {drain, rF+ Dex+4}
  4448 | D:6      | XOM: blink monster(s)
  4758 | D:6      | XOM: give mutations
  4758 | D:6      | Gained mutation: You are partially covered in iridescent
                  | scales. (AC +2) [Xom's mischief]
  4758 | D:6      | Gained mutation: Your flesh is heat resistant. (rF+) [Xom's
                  | mischief]
  4758 | D:6      | Gained mutation: You are resistant to electric shocks.
                  | (rElec) [Xom's mischief]
  4758 | D:6      | Gained mutation: You expend magic power (3 MP) to
                  | strengthen your wands. [Xom's mischief]
  4789 | D:7      | XOM: blink monster(s)
  4925 | D:7      | Reached skill level 10 in Maces & Flails
  4949 | D:7      | Noticed a cyclops
  4952 | D:7      | Found the dreamshard necklace {*Dream Drain}
  4952 | D:7      | XOM: 3-stop teleportation journey
  4971 | D:7      | XOM: cleaving
  4989 | D:7      | Reached XP level 9. HP: 35/85 MP: 5/8
  5041 | D:7      | Noticed a boulder beetle
  5070 | D:7      | Killed a boulder beetle
  5071 | D:7      | Reached skill level 1 in Evocations
  5077 | D:7      | XOM: fake destruction
  5093 | D:7      | Killed a cyclops
  5213 | D:7      | XOM: fake destruction
  5329 | D:7      | Reached skill level 1 in Shields
  5412 | D:7      | XOM: cloud trail
  5458 | D:7      | XOM: silly message
  5476 | D:7      | Noticed a boulder beetle
  5481 | D:7      | You fall into a shaft and drop 3 floors!
  5481 | D:10     | Entered Level 10 of the Dungeon
  5504 | D:10     | XOM: potion effect (experience)
  5504 | D:10     | Reached skill level 7 in Shields
  5504 | D:10     | Reached XP level 10. HP: 96/100 MP: 9/9
  5506 | D:10     | XOM: potion effect (brilliance)
  5507 | D:10     | XOM: potion effect (haste)
  5511 | D:10     | XOM: confuse monster(s)
  5525 | D:10     | Reached XP level 11. HP: 93/106 MP: 10/10
  5687 | D:10     | XOM: fake destruction
  5702 | D:10     | Reached skill level 5 in Stealth
  5714 | D:10     | XOM: polymorph yak -> raiju
  5737 | D:10     | XOM: give mutations
  5737 | D:10     | Gained mutation: You have large cloven feet. [Xom's grace]
  5737 | D:10     | Gained mutation: You are strong-willed. (Will+) [Xom's
                  | grace]
  5737 | D:10     | Gained mutation: Your mind is acute. (Int +4, Str/Dex -1)
                  | [Xom's grace]
  5871 | D:10     | Reached skill level 8 in Shields
  5881 | D:10     | Found a flagged portal.
  5888 | Bailey   | Entered a bailey
  5954 | Bailey   | Reached skill level 10 in Armour
  6160 | Bailey   | XOM: chaos upgrade
  6413 | Bailey   | Noticed an orc knight
  6418 | Bailey   | XOM: chaos upgrade
  6420 | Bailey   | Killed an orc knight
  6426 | Bailey   | XOM: fake destruction
  6450 | Bailey   | XOM: scenery: 1 doors close
  6491 | D:10     | Reached skill level 9 in Shields
  6731 | D:10     | Found a white marble altar of Elyvilon.
  6856 | D:10     | XOM: give mutation
  6856 | D:10     | Lost mutation: You have large cloven feet. [Xom's mischief]
  6966 | D:10     | XOM: summons 3 friendly demons
  6969 | D:10     | Noticed a soul eater
  6977 | D:10     | Noticed a soul eater
  6995 | D:10     | XOM: summons friendly ufetubus
  7006 | D:10     | Reached skill level 10 in Shields
  7128 | D:8      | XOM: summons 11 friendly demons
  7131 | D:8      | XOM: polymorph quasit -> cerulean imp
  7487 | D:7      | Found a shimmering blue altar of Sif Muna.
  7596 | D:7      | XOM: enchant monster (bad)
  7631 | D:7      | XOM: summons friendly shadow imp
  7641 | D:7      | XOM: polymorph shadow imp -> white imp
  7650 | D:7      | XOM: repel stairs
  7717 | D:7      | Killed a boulder beetle
  7718 | D:7      | Reached skill level 10 in Fighting
  8075 | D:8      | XOM: summons 5 hostile demons
  8248 | D:9      | XOM: give mutation
  8248 | D:9      | Gained mutation: You are highly strong-willed. (Will++)
                  | [Xom's grace]
  8281 | D:9      | XOM: summons friendly iron imp
  8318 | D:9      | XOM: god gift: 679 gold pieces
  8325 | D:9      | Reached skill level 11 in Shields
  8325 | D:9      | Reached XP level 12. HP: 105/116 MP: 11/11
  8429 | D:9      | Found a staircase to the Orcish Mines.
  8529 | D:9      | Noticed Amaemon
  8529 | D:9      | XOM: 6-stop teleportation journey
  8543 | D:9      | XOM: summons friendly shadow imp
  8562 | D:9      | Killed Amaemon
  9386 | D:11     | Found a staircase to the Lair.
  9386 | D:11     | Noticed a two-headed ogre
  9386 | D:11     | XOM: 1-stop teleportation journey
  9387 | D:11     | XOM: summons 12 friendly demons
  9403 | D:11     | XOM: cast spell 'Summon Small Mammal'
  9409 | D:11     | XOM: scenery: create altars
  9422 | D:11     | XOM: summons 8 friendly demons
  9426 | D:11     | Killed a two-headed ogre
  9435 | D:11     | Reached skill level 12 in Shields
  9657 | D:11     | Identified the +0 leather armour of Kyzoadic {rF+ rC+ Str-2
                  | Int+4}
  9833 | D:11     | XOM: give mutations
  9833 | D:11     | Gained mutation: Your flesh is cold resistant. (rC+) [Xom's
                  | grace]
  9833 | D:11     | Gained mutation: You have a somewhat thin skeletal
                  | structure. (Dex +2, Stealth+) [Xom's grace]
  9833 | D:11     | Gained mutation: You are somewhat resistant to further
                  | mutation. [Xom's grace]
  9842 | D:11     | Noticed a two-headed ogre
  9850 | D:11     | Killed a two-headed ogre
 10024 | D:11     | XOM: summons 4 hostile shadow creatures
 10081 | D:11     | XOM: divination: detect items
 10198 | D:11     | XOM: summons 1 hostile demon
 10230 | D:11     | XOM: give mutations
 10230 | D:11     | Lost mutation: You are partially covered in iridescent
                  | scales. (AC +2) [Xom's mischief]
 10230 | D:11     | Lost mutation: You have a somewhat thin skeletal structure.
                  | (Dex +2, Stealth+) [Xom's mischief]
 10247 | Lair:1   | Entered Level 1 of the Lair of Beasts
 10263 | Lair:1   | Noticed a catoblepas
 10270 | Lair:1   | XOM: cast spell 'Summon Cactus Giant'
 10293 | Lair:1   | XOM: divination: magic mapping
 10295 | Lair:1   | XOM: 3-stop teleportation journey
 10307 | Lair:1   | XOM: potion effect (brilliance)
 10393 | Lair:1   | XOM: summons 3 hostile shadow creatures
 10394 | Lair:1   | Noticed a death yak
 10394 | Lair:1   | Noticed a death yak
 10394 | Lair:1   | Noticed a death yak
 10394 | Lair:1   | Noticed a death yak
 10394 | Lair:1   | Noticed a death yak
 10394 | Lair:1   | Noticed a death yak
 10419 | Lair:1   | XOM: summons 7 hostile demons
 10588 | Lair:1   | XOM: god gift: 634 gold pieces
 10637 | Lair:1   | XOM: scenery: create altars
 10643 | Lair:1   | XOM: polymorph yak -> troll
 10650 | Lair:1   | XOM: potion effect (brilliance)
 10664 | Lair:1   | XOM: potion effect (berserk rage)
 10675 | Lair:1   | XOM: divination: detect items
 10818 | Lair:1   | XOM: potion effect (might)
 10827 | Lair:1   | Killed a catoblepas
 10828 | Lair:1   | Reached skill level 13 in Shields
 10866 | Lair:1   | Noticed Grum
 10870 | Lair:1   | XOM: divination: magic mapping
 10875 | Lair:1   | Killed Grum
 10877 | Lair:1   | XOM: potion effect (invisibility)
 10900 | Lair:1   | XOM: silly message
 10959 | Lair:2   | XOM: cast spell 'Summon Ice Beast'
 10960 | Lair:2   | XOM: divination: detect creatures
 11001 | Lair:2   | XOM: give mutations
 11001 | Lair:2   | Gained mutation: A frigid envelope surrounds you and
                  | freezes all who hurt you. [Xom's grace]
 11001 | Lair:2   | Gained mutation: Your system is resistant to poisons.
                  | (rPois) [Xom's grace]
 11001 | Lair:2   | Lost mutation: You are somewhat resistant to further
                  | mutation. [Xom's grace]
 11001 | Lair:2   | Gained mutation: You have hidden genetic potential. [Xom's
                  | grace]
 11128 | Lair:2   | XOM: divine lightning
 11262 | Lair:2   | Noticed an eight-headed hydra
 11268 | Lair:2   | Killed an eight-headed hydra
 11353 | Lair:2   | XOM: 1-stop teleportation journey
 11409 | Lair:2   | XOM: fog
 11423 | Lair:2   | Reached XP level 13. HP: 125/127 MP: 12/12
 11452 | Lair:2   | XOM: polymorph cane toad -> unseen horror
 11599 | Lair:2   | XOM: scenery: create altars
 11606 | Lair:2   | XOM: divine lightning
 11849 | Lair:3   | XOM: god gift: wand of paralysis (4)
 11950 | Lair:3   | XOM: summons 6 friendly demons
 12065 | Lair:3   | Reached skill level 14 in Shields
 12091 | Lair:3   | XOM: summons 10 friendly demons
 12091 | Lair:3   | XOM: smoke on damage
 12205 | Lair:3   | XOM: give mutations
 12205 | Lair:3   | Gained mutation: You possess an exceptional clarity of
                  | mind. [Xom's grace]
 12205 | Lair:3   | Gained mutation: You are very robust. (+20% HP) [Xom's
                  | grace]
 12482 | Lair:4   | XOM: cast spell 'Leda's Liquefaction'
 12487 | Lair:4   | XOM: scenery: summon butterflies
 12504 | Lair:4   | XOM: potion effect (might)
 12522 | Lair:4   | XOM: scenery: summon butterflies
 12688 | Lair:4   | Found a viscous altar of Jiyva.
 12689 | Lair:4   | Found a staircase to the Slime Pits.
 12692 | Lair:4   | XOM: cast spell 'Statue Form'
 12696 | Lair:4   | XOM: confuse monster(s)
 12773 | Slime:1  | Entered Level 1 of the Pits of Slime
 12773 | Slime:1  | Noticed a quicksilver ooze
 12778 | Slime:1  | Killed a quicksilver ooze
 12791 | Slime:1  | Noticed a rockslime
 12807 | Slime:1  | Killed a rockslime
 12808 | Slime:1  | Reached skill level 15 in Maces & Flails
 12810 | Slime:1  | Gained mutation: You occasionally lose the ability to drink
                  | potions when taking damage. [a shining eye]
 12812 | Slime:1  | Gained mutation: Your magical capacity is low. (-10% MP) [a
                  | shining eye]
 12815 | Slime:1  | Gained mutation: You are weak. (Str -2) [a shining eye]
 12818 | Slime:1  | Gained mutation: Your body sometimes deteriorates upon
                  | taking damage. [a shining eye]
 12830 | Slime:1  | Reached skill level 15 in Shields
 12832 | Slime:1  | Gained mutation: You are extremely robust. (+30% HP)
                  | [hidden potential]
 12968 | Lair:4   | XOM: blink monster(s)
 13015 | Lair:4   | XOM: fog
 13527 | Orc:1    | Entered Level 1 of the Orcish Mines
 13553 | Orc:1    | XOM: chaos upgrade
 13558 | Orc:1    | XOM: potion effect (berserk rage)
 13816 | Orc:2    | Entered Level 2 of the Orcish Mines
 13846 | Orc:2    | XOM: cast spell 'Death Channel'
 14027 | Orc:2    | Found a staircase to the Elven Halls.
 14035 | Orc:2    | XOM: confuse monster(s)
 14065 | Orc:2    | Reached XP level 14. HP: 119/165 MP: 11/11
 14066 | Orc:2    | XOM: fake destruction
 14067 | Orc:2    | XOM: summons 7 friendly demons
 14075 | Orc:2    | XOM: confuse monster(s)
 14080 | Orc:2    | Reached skill level 16 in Shields
 14094 | Orc:2    | XOM: summons friendly ufetubus
 14098 | Orc:2    | XOM: silly message
 14119 | Orc:2    | XOM: enchant monster (good)
 14124 | Orc:2    | XOM: cast spell 'Call Canine Familiar'
 14149 | Orc:2    | XOM: enchant monster (good)
 14169 | Orc:2    | XOM: cast spell 'Dispersal'
 14173 | Orc:2    | XOM: potion effect (curing)
 14470 | Orc:2    | Found Dickenne's Antique Armour Shoppe.
 14471 | Orc:2    | Found Xih Coic's Distillery.
 14482 | Orc:2    | Found Derchexoi's Weapon Shop.
 14492 | Orc:2    | Found Woplitwaf's Weapon Boutique.
 14495 | Orc:2    | Bought a pair of jewelled boots for 370 gold pieces
 14495 | Orc:2    | Identified the +0 pair of boots of Context {Str+3 Int+3}
                  | (You bought it in a shop on level 2 of the Orcish Mines)
 14495 | Orc:2    | Bought a pair of runed gloves for 292 gold pieces
 14532 | Orc:2    | Bought a potion of invisibility for 104 gold pieces
 14532 | Orc:2    | Bought a potion of haste for 130 gold pieces
 14612 | Elf:1    | Entered Level 1 of the Elven Halls
 14631 | Elf:1    | Identified the +0 robe of Lunol {Harm +Blink rElec rN+
                  | Int-5}
 14654 | Elf:1    | Paralysed by an air elemental for 1 turns
 14658 | Elf:1    | Paralysed by an air elemental for 1 turns
 14668 | Elf:1    | XOM: cast spell 'Metabolic Englaciation'
 14706 | Elf:1    | XOM: cloud trail
 14742 | Elf:1    | Found an ancient bone altar of Kikubaaqudgha.
 14742 | Elf:1    | XOM: 7-stop teleportation journey
 14743 | Elf:1    | XOM: summons friendly ufetubus
 14794 | Elf:1    | XOM: potion effect (might)
 14807 | Elf:1    | XOM: swap monsters
 14826 | Elf:1    | Gained mutation: You passively map a small area around you.
                  | [hidden potential]
 14826 | Elf:1    | Lost mutation: You have hidden genetic potential. [hidden
                  | potential expressed]
 15104 | Elf:1    | Paralysed by an air elemental for 1 turns
 15291 | Elf:1    | XOM: noise
 15310 | Elf:1    | XOM: 1-stop teleportation journey
 15315 | Elf:1    | XOM: summons 13 friendly demons
 15320 | Elf:1    | Reached skill level 17 in Shields
 15333 | Elf:1    | XOM: divination: magic mapping
 15682 | Elf:1    | XOM: scenery: 1 doors open
 15744 | Elf:1    | XOM: polymorph deep elf knight -> orb spider
 15880 | Elf:1    | XOM: summons 2 friendly demons
 15950 | Elf:1    | XOM: god gift: scale mail {god gift}
 15988 | Elf:2    | XOM: divination: detect items
 15990 | Elf:2    | XOM: confuse monster(s)
 16000 | Elf:2    | XOM: enchant monster (good)
 16011 | Elf:2    | XOM: repel stairs
 16022 | Elf:2    | XOM: cast spell 'Summon Ice Beast'
 16025 | Elf:2    | Reached XP level 15. HP: 147/178 MP: 12/12
 16299 | Elf:2    | XOM: potion effect (curing)
 16500 | Elf:2    | XOM: divination: detect creatures
 16543 | Elf:2    | XOM: fog
 16551 | Elf:2    | XOM: smoke on damage
 16564 | Elf:2    | XOM: summons friendly ufetubus
 16585 | Elf:2    | XOM: swap monsters
 16603 | Elf:2    | Reached skill level 5 in Dodging
 16607 | Elf:2    | XOM: divination: magic mapping
 16621 | Elf:2    | Reached skill level 18 in Shields
 16660 | Elf:2    | XOM: divination: detect creatures
 16706 | Elf:2    | HP: 1/180 [+2 glaive of protection (17)]
 16708 | Elf:2    | Mangled by a +3 bardiche of freezing

Illustrated notes

Levels and vault maps discovered:
D:1:      nicolae_arrival_memento_mori, layout_loops_ring, st_stairs_2
D:2:      layout_rooms, dreamdust_ecumenical_altar_sealed_demon, uniq_terence
D:3:      minmay_chambers_of_threes, layout_loops_ring,
          lemuel_zombie_altar_yredelemnul, vehumet_altar_wand_db,
          kiku_gazebo_pond_becter, fedhas_ov_isle_minmay, serial_bayou_crossing
D:4:      layout_loops_ring, serial_shops, shop
D:5:      layout_rooms
D:6:      layout_basic, minmay_temple_entry_junction, serial_shops, shop
D:7:      minmay_the_grid_square_5x5_3x3 [minmay_the_grid_square_5x5_comb,
          minmay_the_grid_square_5x5_spiral_small,
          minmay_the_grid_square_5x5_one_wall, minmay_the_grid_square_5x5_forky,
          minmay_the_grid_square_5x5_megaprize_crossed,
          minmay_the_grid_square_5x5_slash, minmay_the_grid_square_5x5_spiral,
          minmay_the_grid_square_5x5_checkered_sparse,
          minmay_the_grid_square_5x5_checkered_statues], layout_gridville,
          overflow_temple_1_default, minmay_misc_feat_ornament
D:8:      layout_loops_ring
D:9:      layout_irregular_city, orc_0_dummy, minmay_fractal_squares_gapless_5,
          uniq_amaemon
D:10:     layout_irregular_city, mainiacjoe_overflow_alcove_1, serial_undead,
          serial_undead_c, serial_undead_d, serial_undead_d, serial_undead_b,
          serial_undead_b, enter_bailey_3
D:11:     layout_loops_ring, erik_lair_island, serial_glass, glass_columns_a,
          glass_columns_b, glass_columns_a, glass_columns_c
Lair:1:   layout_hall_layers, grunt_forest_small_clearings, grunt_megastairs_5,
          infiniplex_staircase_pool_2, uniq_grum
Lair:2:   layout_regular_city, minmay_snake_entry_guardpost_small,
          chequers_serial_rivers_marsh, dreamdust_mushroom_princess
Lair:3:   layout_small_grid, nicolae_shoals_entry_flooding
Lair:4:   layout_regular_city, nicolae_slime_entry_slimehenge
Slime:1:  layout_caves
Orc:1:    layout_caves
Orc:2:    st_orc_open, layout_caves
Elf:1:    eino_elf_arrival_shootout, layout_geoelf_diagonals, basic_altar,
          minmay_elf_crystal_hexagon, grunt_ministairs_6
Elf:2:    elven_hall_of_blades_hangedman_original [grunt_blade_entry_basic],
          layout_geoelf_octagon, minivault_28

Skill      XL: |  1  2  3  4  5  6  7  8  9 10 11 12 13 14 15 |
---------------+----------------------------------------------+-----
Maces & Flails | 4 5 6 8 10 12 13 14 15 16 | 16.4
Fighting       | 4 5 6 9 10 11 12 13 14 | 14.3
Dodging        | 2 3 4 5 |  5.0
Armour         | 3 4 5 7 9 10 11 12 14 | 14.6
Stealth        | 1 2 4 5 6 |  6.3
Evocations     | 2 3 |  3.0
Shields        | 7 11 13 15 17 18 | 18.1

Action                     |  1- 3 |  4- 6 |  7- 9 | 10-12 | 13-15 || total
---------------------------+-------+-------+-------+-------+-------++-------
  Melee: Mace              |    59 |   169 |       |       |       ||   228
         Headbutt          |    12 |    31 |    46 |   154 |   173 ||   416
         Flail             |       |    19 |   226 |   422 |       ||   667
         Punch             |       |       |     4 |       |       ||     4
         Kick              |       |       |       |    48 |       ||    48
         Demon whip        |       |       |       |   290 |   739 ||  1029
  Evoke: Piece from Xom's  |     1 |     5 |     8 |    23 |     2 ||    39
         Wand              |       |       |     2 |       |       ||     2
         Condenser vane    |       |       |       |     1 |     2 ||     3
    Use: Scroll            |     9 |     5 |     2 |    10 |     4 ||    30
         Potion            |       |     4 |     2 |     3 |     6 ||    15
   Stab: Petrified         |     7 |     1 |     8 |     2 |     5 ||    23
         Confused          |       |     1 |       |     3 |     3 ||     7
         Paralysed         |       |       |     9 |     8 |       ||    17
         Distracted        |       |       |       |     4 |     2 ||     6
         Invisible         |       |       |       |     1 |     3 ||     4
 Armour: Leather armour    |    30 |       |       |       |       ||    30
         Chain mail        |    11 |   209 |    79 |       |       ||   299
         Ring mail         |     7 |       |       |       |       ||     7
         Plate armour      |       |       |   121 |   524 |   260 ||   905
         Skin              |       |       |       |       |    15 ||    15
  Dodge: Dodged            |    53 |   124 |    92 |   143 |   133 ||   545
  Block: Tower shield      |       |       |    33 |   884 |   670 ||  1587
